 Dungeon Crawl Stone Soup version 0.29-a0-384-g6960b1960d (webtiles) character file.

Game seed: 16190225694052285580

750 NinjaNoafa the Skirmisher (level 7, -14/61 HPs)
             Began as a Minotaur Monk on May 6, 2022.
             Killed from afar by an acid dragon (30 damage)
             ... with a splash of acid
             ... on level 5 of the Dungeon.
             The game lasted 00:05:16 (3688 turns).

NinjaNoafa the Skirmisher (Minotaur Monk)           Turns: 3688, Time: 00:05:16

Health: -14/61     AC: 14    Str: 18    XL:     7   Next: 48%
Magic:  6/6        EV:  6    Int:  5    God:
Gold:   183        SH:  0    Dex: 12    Spells: 6/6 levels left

rFire   . . .      SeeInvis .   a - +0 hand axe
rCold   . . .      Faith    .   (no shield)
rNeg    . . .      Spirit   .   w - +0 plate armour
rPois   .          Reflect  .   (helmet restricted)
rElec   .          Harm     .   (no cloak)
rCorr   .          Rampage  .   t - +1 pair of gloves
Will    .....                   (no boots)
Stlth   ..........              (no amulet)
HPRegen 1.00/turn               (no ring)
MPRegen 0.10/turn               (no ring)

@: confused, ambrosia-drunk
A: horns 2, retaliatory headbutt, dopey 1, regeneration 1, no potion heal 1
a: no special abilities


You were on level 5 of the Dungeon.
You visited 1 branch of the dungeon, and saw 5 of its levels.

You collected 183 gold pieces.

Inventory:

Hand Weapons
 a - a +0 hand axe (weapon)
 l - a +3 dagger of draining
Missiles
 j - 13 poisoned darts
 r - 6 javelins (quivered)
Armour
 b - a +0 ring mail
 t - a +1 pair of gloves (worn)
 w - a +0 plate armour (worn)
Jewellery
 m - an amulet of magic regeneration
Wands
 o - a wand of charming (12)
 q - a wand of paralysis (8)
 u - a wand of polymorph (7)
Scrolls
 d - a scroll of poison {unknown}
 e - 2 scrolls of torment {unknown}
 g - 3 scrolls of fear {unknown}
 h - 2 scrolls of immolation
 i - a scroll of noise {unknown}
 k - 3 scrolls of identify {unknown}
 n - a scroll of enchant armour {unknown}
 p - a scroll of amnesia {unknown}
 s - a scroll of brand weapon {unknown}
Potions
 f - 3 potions of heal wounds {unknown}
 v - a potion of brilliance {unknown}


   Skills:
 * Level 5.2 Fighting
 - Level 4.0 Short Blades
 + Level 4.2 Axes
 + Level 5.0 Armour
 - Level 3.2 Dodging
 - Level 1.5 Stealth
 - Level 4.0 Evocations


You had 6 spell levels left.
You didn't know any spells.
Your spell library contained the following spells:

 Spells                   Type           Power      Damage    Failure   Level
 Summon Small Mammal      Summ           0%         N/A       100%        1
 Static Discharge         Conj/Air       0%         N/A       100%        2
 Call Canine Familiar     Summ           0%         N/A       100%        3
 Summon Guardian Golem    Hex/Summ       0%         N/A       100%        3
 Lightning Bolt           Conj/Air       0%         1d11      100%        5
 Maxwell's Capacitive Co  Air            0%         ∞         100%        8


Dungeon Overview and Level Annotations

Branches:
Dungeon (5/15)
 Temple: D:4-7

Altars:
Fedhas
Okawaru

Shops:
D:3 ?

Annotations:
D:3 3 runed translucent doors, freelancePsychic's ghost, amateur DrFi


Innate Abilities, Weirdness & Mutations

You have a pair of horns on your head.
You reflexively headbutt those who attack you in melee.
You are dopey. (Int -2)
Your natural rate of healing is unusually fast.
Potions are less effective at restoring your health.


Message History

The kobold brigand closely misses you. You furiously retaliate!
You headbutt the kobold brigand, but do no damage.
You barely miss the kobold brigand.
The kobold brigand is moderately wounded.
The kobold brigand hits you but does no damage.
You closely miss the kobold brigand.
The kobold brigand is moderately wounded.
The kobold brigand hits you with a +0 short sword. x2
You hit the kobold brigand.
You headbutt the kobold brigand, but do no damage.
The kobold brigand is heavily wounded.
The kobold brigand hits you with a +0 short sword.
You hit the kobold brigand.
You headbutt the kobold brigand, but do no damage.
The kobold brigand is severely wounded.
The kobold brigand hits you with a +0 short sword!
* * * LOW HITPOINT WARNING * * *
You barely miss the kobold brigand. You headbutt the kobold brigand.
The kobold brigand is almost dead.
The kobold brigand closely misses you.
You closely miss the kobold brigand. You headbutt the kobold brigand.
You kill the kobold brigand!
Training target 4.0 for Evocations reached!
Your Evocations skill increases to level 4!
You need to enable at least one skill for training.
Your Armour skill increases to level 5!
You closely miss the acid dragon. You headbutt the acid dragon.
The acid dragon is almost dead.
The acid dragon seems less drained.
The acid dragon bites you.
* * * LOW HITPOINT WARNING * * *
The acid dragon barely misses you.
Unknown command.
You are confused.
Your system partially rejects the healing.
You feel invigorated. The acid dragon bites you.
* * * LOW HITPOINT WARNING * * *
The acid dragon barely misses you. The acid dragon spits acid at you.
The splash of acid hits you!!
You die...

.........# .........####
............####
................
.........# .......KK# ##
.......KD##+## #.
......###....#
#####.######.# #@...#
.............# #....#
##.....#########....#
#...............(..#
+.............#....#
#..............#..##
#..............#..#
##.......######.#..#
...................#####.


You could see an acid dragon (catching breath) and 2 kobolds.

Vanquished Creatures
  2 black bears (D:5)
  A phantom (D:4)
  A kobold brigand (D:5)
  3 scorpions
  A howler monkey (D:5)
  A gnoll shaman (D:4)
  Robin (D:2)
  4 gnolls (D:4)
  4 adders
  A white imp (D:5)
  An ufetubus (D:3)
  A dart slug (D:2)
  A worm (D:3)
  An orc (D:3)
  5 endoplasms
  2 giant cockroaches
  15 goblins
  4 hobgoblins
  4 jackals (D:1)
  3 quokkas (D:4)
  7 ball pythons
  6 bats
  7 frilled lizards
  10 kobolds
  4 rats
90 creatures vanquished.

Notes
Turn   | Place    | Note
-------+----------+-------------------------------------------
     0 | D:1      | NinjaNoafa the Minotaur Monk began the quest for the Orb.
     0 | D:1      | Reached XP level 1. HP: 19/19 MP: 0/0
    49 | D:1      | Reached skill level 1 in Armour
   191 | D:1      | Reached XP level 2. HP: 20/27 MP: 1/1
   640 | D:1      | Found a faded altar of an unknown god.
  1013 | D:2      | Reached XP level 3. HP: 32/33 MP: 2/2
  1205 | D:2      | Reached skill level 1 in Short Blades
  1450 | D:2      | Noticed Robin
  1458 | D:2      | Killed Robin
  1459 | D:2      | Reached XP level 4. HP: 18/40 MP: 3/3
  2382 | D:3      | Found Hudwivef's Magic Scroll Shop.
  2409 | D:3      | Found a runed translucent gate.
  2409 | D:3      | Found a runed translucent gate.
  2410 | D:3      | Noticed a necrophage
  2411 | D:3      | Found a runed translucent gate.
  2414 | D:3      | Noticed freelancePsychic's ghost (amateur DrFi)
  2414 | D:3      | Noticed a necrophage
  2609 | D:3      | Found an iron altar of Okawaru.
  2732 | D:3      | Found a blossoming altar of Fedhas.
  2835 | D:4      | Noticed a scorpion
  2845 | D:4      | Gained mutation: You are dopey. (Int -2) [potion of
                  | mutation]
  2845 | D:4      | Gained mutation: Potions are less effective at restoring
                  | your health. [potion of mutation]
  2845 | D:4      | Gained mutation: Your natural rate of healing is unusually
                  | fast. [potion of mutation]
  2857 | D:4      | Killed a scorpion
  2858 | D:4      | Reached XP level 5. HP: 47/47 MP: 4/4
  2908 | D:4      | Noticed a phantom
  2923 | D:4      | Killed a phantom
  3119 | D:4      | Reached XP level 6. HP: 53/53 MP: 5/5
  3165 | D:4      | Reached skill level 5 in Fighting
  3441 | D:5      | Entered Level 5 of the Dungeon
  3473 | D:5      | Reached skill level 1 in Evocations
  3480 | D:5      | Reached XP level 7. HP: 56/61 MP: 6/6
  3686 | D:5      | Reached skill level 5 in Armour
  3688 | D:5      | Killed from afar by an acid dragon

Illustrated notes

Levels and vault maps discovered:
D:1:      shiori_arrival_elements, layout_loops_ring,
          hellmonk_ecumenical_altar_blasted
D:2:      layout_loops_ring, uniq_robin
D:3:      layout_rooms, okawaru_gym_becter, mainiacjoe_overflow_alcove_2,
          serial_shops, shop, gammafunk_ghost_split
D:4:      layout_basic, due_unseen_surprise
D:5:      layout_basic, minmay_temple_entry_nine_rooms, minmay_misc_feat_plants

Skill      XL: |  1  2  3  4  5  6  7 |
---------------+----------------------+-----
Armour         | 1 2 3 4 5 |  5.0
Fighting       | 4 5 |  5.2
Axes           | 4 |  4.2
Short Blades   | 2 3 4 |  4.0
Evocations     | 2 4 |  4.0
Dodging        | |  3.2
Stealth        | |  1.5

Action                   |  1- 3 |  4- 6 |  7- 9 || total
-------------------------+-------+-------+-------++-------
Melee: Hand axe          |    60 |       |    21 ||    81
       Headbutt          |    12 |    10 |    14 ||    36
       Dagger            |    20 |   118 |    19 ||   157
Throw: Dart              |     3 |     8 |       ||    11
       Javelin           |       |    11 |       ||    11
  Use: Potion            |       |     4 |     1 ||     5
 Stab: Sleeping          |     1 |     2 |       ||     3
Armor: Robe              |    22 |     1 |       ||    23
       Ring mail         |       |    41 |     2 ||    43
       Skin              |       |    12 |       ||    12
       Plate armour      |       |       |    18 ||    18
Dodge: Dodged            |    64 |    70 |    17 ||   151

Table legend: (Time is in decaauts)
 A = Elapsed time spent in this place.
 B = Non-inter-level travel time spent in this place.
 C = Inter-level travel time spent in this place.
 D = Time resting spent in this place.
 E = Time spent auto-exploring this place.
 F = Levels seen in this place.
 G = Mean time per level.
                   A        B        C        D        E       F      G
               +--------+--------+--------+--------+--------+-----+--------+
         Total |   3663 |   3466 |    197 |     23 |   2811 |   5 |  732.6 |
       Dungeon |   3663 |   3466 |    197 |     23 |   2811 |   5 |  732.6 |
               +--------+--------+--------+--------+--------+-----+--------+

Top non-repeatable levels by time:
     D:2: 1309 daAuts
     D:1: 1088 daAuts
     D:4: 588 daAuts
     D:3: 434 daAuts
     D:5: 242 daAuts
